 Dungeon Crawl Stone Soup version 0.30-a0-335-ge5acde7520 (webtiles) character file.

Game seed: 10848990035661052731

117 billz999 the Skirmisher (level 5, -4/64 HPs)
             Began as a Gnoll Hunter on Oct 31, 2022.
             Slain by an ice beast (5 damage)
             ... on level 3 of the Dungeon.
             The game lasted 00:03:42 (2393 turns).

billz999 the Skirmisher (Gnoll Hunter)              Turns: 2393, Time: 00:03:43

Health: -4/64      AC: 22    Str: 10    XL:     5   Next: 1%
Magic:  7/7        EV:  2    Int:  8    God:
Gold:   129        SH:  0    Dex: 18    Spells: 6/6 levels left

rFire   . . .      SeeInvis .    b - +1 falchion (elec)
rCold   . . .      Faith    .    (no shield)
rNeg    . . .      Spirit   .    (body armour currently unavailable)
rPois   +          Reflect  .    (helmet currently unavailable)
rElec   .          Harm     .    (cloak currently unavailable)
rCorr   .          Rampage  .    (gloves currently unavailable)
Will    .....      NoTele   +    (boots currently unavailable)
Stlth   ++........               (no amulet)
HPRegen 0.30/turn                (no ring)
MPRegen 0.10/turn                (no ring)

@: brilliant, tree-form, attractive
A: stationary, stasis, torment immunity, boosted hp, (fangs 1), strong nose,
distributed training, (poison resistance)
a: no special abilities


You were on level 3 of the Dungeon.
You were a tree.
You visited 1 branch of the dungeon, and saw 3 of its levels.

You collected 129 gold pieces.

Inventory:

Hand Weapons
 a - a +0 shortbow
 b - a +1 falchion of electrocution (weapon)
 m - a +0 rapier
 n - a +0 morningstar
Missiles
 s - a throwing net
Armour
 c - a +0 leather armour (melded)
Jewellery
 k - an amulet of guardian spirit
Scrolls
 d - 2 scrolls of identify {unknown}
 f - a scroll of enchant armour {unknown}
 h - a scroll of amnesia {unknown}
 j - a scroll of brand weapon {unknown}
 l - a scroll of enchant weapon {unknown}
 p - a scroll of immolation
 q - a scroll of noise {unknown}
Potions
 i - a potion of curing


   Skills:
 + Level 4.7 Fighting
 + Level 1.4 Short Blades
 + Level 1.4 Long Blades
 + Level 1.4 Axes
 + Level 1.4 Maces & Flails
 + Level 1.4 Polearms
 + Level 1.4 Staves
 + Level 8.6 Ranged Weapons
 + Level 1.4 Throwing
 + Level 1.4 Armour
 + Level 4.7 Dodging
 + Level 2.7 Stealth
 + Level 1.4 Shields
 + Level 1.4 Unarmed Combat
 + Level 1.4 Spellcasting
 + Level 1.1 Conjurations
 + Level 1.1 Hexes
 + Level 1.1 Summonings
 + Level 1.1 Necromancy
 + Level 1.1 Translocations
 + Level 1.1 Transmutations
 + Level 1.1 Fire Magic
 + Level 1.1 Ice Magic
 + Level 1.1 Air Magic
 + Level 1.1 Earth Magic
 + Level 1.1 Poison Magic
 + Level 1.5 Invocations
 + Level 1.4 Evocations


You had 6 spell levels left.
You didn't know any spells.
Your spell library was empty.

Dungeon Overview and Level Annotations

Branches:
Dungeon (3/15)

Altars:
Uskayaw

Shops:
D:1 !   D:2 =


Innate Abilities, Weirdness & Mutations

You are a tree.
Your roots penetrate the ground, keeping you stationary.
You cannot be teleported.
You are immune to unholy pain and torment.
Your maximum health is greatly increased.
Your equipment is partially melded.
((You have very sharp teeth.))
Your uncanny sense of smell can sniff out nearby items.
Your experience applies equally to all skills.
((Your system is resistant to poisons. (rPois)))


Message History

The ice beast is lightly wounded.
The ice beast hits you but does no damage.
The ice beast hits you. The ice beast freezes you.
You closely miss the ice beast.
The ice beast is lightly wounded.
The ice beast closely misses you.
You hit the ice beast.
The ice beast is moderately wounded.
The ice beast closely misses you.
You completely miss the ice beast.
The ice beast is moderately wounded.
The ice beast hits you. The ice beast freezes you!
Okay, then.
Okay, then.
Okay, then.
It was a potion of attraction.
You feel attractive to monsters. The ice beast hits you.
The ice beast freezes you!
* * * LOW HITPOINT WARNING * * *
You feel better. The ice beast hits you. The ice beast freezes you!
* * * LOW HITPOINT WARNING * * *
It was a potion of lignification.
You turn into a tree.
Your +0 leather armour melds into your body.
Your roots penetrate the ground.
The ice beast barely misses you.
You barely miss the ice beast.
The ice beast is lightly wounded.
The ice beast hits you but does no damage.
The ice beast hits you.
* * * LOW HITPOINT WARNING * * *
The ice beast freezes you!
* * * LOW HITPOINT WARNING * * *
It was a potion of mutation.
You feel extremely strange.
You feel resistant to poisons.
The ice beast hits you but does no damage.
It was a potion of brilliance.
You feel clever all of a sudden. The ice beast hits you.
* * * LOW HITPOINT WARNING * * *
The ice beast freezes you.
You die...

##....# ########## #.#####.#
#....###........# #.#####.###
#...........###.## #.##.......
#...####.........# #.##.##.###
#..## #.....###.# #.##.##.# #.##
##.#..# #.# #.##.##.# #.#
#.##.###.# #.......# #.#
#....Y...# ####.##### #'##
######♣### #.....# #..## #.....#
#####.# ###...## ##.#.#.# ####.#
.......## ##..#.#.# ##.##.##
.....>..####...#.#.#######...#.##
........'.......................'
........####...#.#########...#.##
.......## ##.##.# ##.##.##
#.....## ####.# ####.#


You could see an ice beast.

Vanquished Creatures
  4 gnolls (D:3)
  3 adders
  2 worms
  A dart slug (D:1)
  4 ball pythons
  5 bats
  4 endoplasms
  6 goblins
  2 hobgoblins
  3 jackals (D:1)
  3 quokkas (D:1)
  2 frilled lizards
  3 kobolds (D:2)
42 creatures vanquished.

Notes
Turn   | Place    | Note
-------+----------+-------------------------------------------
     0 | D:1      | billz999 the Gnoll Hunter began the quest for the Orb.
     0 | D:1      | Reached XP level 1. HP: 20/20 MP: 1/1
   145 | D:1      | Reached XP level 2. HP: 26/26 MP: 2/2
   518 | D:1      | Found Uwnuwkoca's Distillery.
   832 | D:2      | Reached XP level 3. HP: 31/31 MP: 3/3
   884 | D:2      | Found Keli's Jewellery Emporium.
   968 | D:2      | Reached skill level 1 in Invocations
  1276 | D:2      | Found a faded altar of an unknown god.
  1386 | D:2      | Reached skill level 1 in Short Blades
  1386 | D:2      | Reached skill level 1 in Long Blades
  1386 | D:2      | Reached skill level 1 in Axes
  1386 | D:2      | Reached skill level 1 in Maces & Flails
  1386 | D:2      | Reached skill level 1 in Polearms
  1386 | D:2      | Reached skill level 1 in Staves
  1386 | D:2      | Reached skill level 1 in Throwing
  1386 | D:2      | Reached skill level 1 in Armour
  1386 | D:2      | Reached skill level 1 in Shields
  1386 | D:2      | Reached skill level 1 in Unarmed Combat
  1386 | D:2      | Reached skill level 1 in Spellcasting
  1386 | D:2      | Reached skill level 1 in Evocations
  1775 | D:3      | Reached XP level 4. HP: 20/38 MP: 5/5
  2073 | D:3      | Reached skill level 1 in Conjurations
  2073 | D:3      | Reached skill level 1 in Hexes
  2073 | D:3      | Reached skill level 1 in Summonings
  2073 | D:3      | Reached skill level 1 in Necromancy
  2073 | D:3      | Reached skill level 1 in Translocations
  2073 | D:3      | Reached skill level 1 in Transmutations
  2073 | D:3      | Reached skill level 1 in Fire Magic
  2073 | D:3      | Reached skill level 1 in Ice Magic
  2073 | D:3      | Reached skill level 1 in Air Magic
  2073 | D:3      | Reached skill level 1 in Earth Magic
  2073 | D:3      | Reached skill level 1 in Poison Magic
  2083 | D:3      | Reached XP level 5. HP: 35/43 MP: 5/7
  2287 | D:3      | Found a hide-covered altar of Uskayaw.
  2374 | D:3      | Noticed an ice beast
  2391 | D:3      | HP: 1/64 [ice beast (11)]
  2392 | D:3      | Gained mutation: Your system is resistant to poisons.
                  | (rPois) [potion of mutation]
  2393 | D:3      | Slain by an ice beast

Illustrated notes

Levels and vault maps discovered:
D:1:      dpeg_arrival_stone_temple_mockup, layout_basic, serial_shops,
          nicolae_shop_waterfront, hangedman_decor_points
D:2:      minmay_general_purpose_star, layout_basic,
          nicolae_ecumenical_lake_church, serial_shops, nicolae_shop_waterfront
D:3:      layout_loops_corners, nicolae_uskayaw_suspiria,
          kennysheep_generic_room_5

Skill      XL: |  1  2  3  4 |
---------------+-------------+-----
Invocations    | 1 |  1.5
Short Blades   | 1 |  1.4
Long Blades    | 1 |  1.4
Axes           | 1 |  1.4
Maces & Flails | 1 |  1.4
Polearms       | 1 |  1.4
Staves         | 1 |  1.4
Throwing       | 1 |  1.4
Armour         | 1 |  1.4
Shields        | 1 |  1.4
Unarmed Combat | 1 |  1.4
Spellcasting   | 1 |  1.4
Evocations     | 1 |  1.4
Conjurations   | 1 |  1.1
Hexes          | 1 |  1.1
Summonings     | 1 |  1.1
Necromancy     | 1 |  1.1
Translocations | 1 |  1.1
Transmutations | 1 |  1.1
Fire Magic     | 1 |  1.1
Ice Magic      | 1 |  1.1
Air Magic      | 1 |  1.1
Earth Magic    | 1 |  1.1
Poison Magic   | 1 |  1.1
Fighting       | |  4.7
Ranged Weapons | |  8.6
Dodging        | |  4.7
Stealth        | |  2.7

Action                   |  1- 3 |  4- 6 || total
-------------------------+-------+-------++-------
Melee: Falchion          |     9 |    19 ||    28
       Bite              |       |     1 ||     1
 Fire: Shortbow          |    96 |    25 ||   121
  Use: Potion            |     1 |     5 ||     6
 Stab: Sleeping          |       |     1 ||     1
Armor: Leather armour    |    12 |     1 ||    13
       Skin              |       |     2 ||     2
Dodge: Dodged            |    35 |    21 ||    56

Table legend: (Time is in decaauts)
 A = Elapsed time spent in this place.
 B = Non-inter-level travel time spent in this place.
 C = Inter-level travel time spent in this place.
 D = Time resting spent in this place.
 E = Time spent auto-exploring this place.
 F = Levels seen in this place.
 G = Mean time per level.
                   A        B        C        D        E       F      G
               +--------+--------+--------+--------+--------+-----+--------+
         Total |   2412 |   2336 |     76 |      0 |   2048 |   3 |  804.0 |
       Dungeon |   2412 |   2336 |     76 |      0 |   2048 |   3 |  804.0 |
               +--------+--------+--------+--------+--------+-----+--------+

Top non-repeatable levels by time:
     D:3: 850 daAuts
     D:1: 832 daAuts
     D:2: 728 daAuts
